 Dungeon Crawl Stone Soup version 0.32-a0-834-geaf45d8e21 (webtiles) character file.

Game seed: 16513907842348635096

103 AstroCodex24 the Trooper (level 4, -4/35 HPs)
             Began as a Vampire Fighter on Mar 26, 2024.
             Slain by a sleepcap (10 damage)
             ... on level 4 of the Dungeon.
             The game lasted 00:02:19 (508 turns).

AstroCodex24 the Trooper (Vampire Fighter)           Turns: 508, Time: 00:02:20

Health: -4/35      AC:  6    Str: 17    XL:     4   Next: 51%
Magic:  4/4        EV:  2    Int: 10    God:
Gold:   25         SH:  0    Dex: 13    Spells: 3/3 levels left

rFire   . . .        a - +0 war axe
rCold   . . .        c - +0 buckler
rNeg    . . .        b - +0 scale mail
rPois   .            (no helmet)
rElec   .            (no cloak)
rCorr   .            (no gloves)
SInv    +            (no boots)
Will    .....        (no amulet) Stlth
                     (no ring)
HPRegen 0.45/turn    (no ring)
MPRegen 0.09/turn

%: no passive effects
@: mighty, sleeping, healing quickly
A: alive, fangs 3, see invisible, vampiric 2
a: Exsanguinate


You were on level 4 of the Dungeon.
You visited 1 branch of the dungeon, and saw 4 of its levels.

You collected 25 gold pieces.

Inventory:

Hand Weapons
 a - a +0 war axe (weapon)
Armour
 b - a +0 scale mail (worn)
 c - a +0 buckler (worn)
Potions
 e - a potion of cancellation {unknown}
 f - 2 potions of attraction {unknown}
 g - a potion of curing {unknown}
 h - a potion of heal wounds {unknown}


   Skills:
 + Level 3.1 Fighting
 + Level 3.1 Axes
 + Level 2.8 Armour
 + Level 0.7 Dodging
 + Level 0.3 Stealth
 + Level 3.1 Shields


You had 3 spell levels left.
You didn't know any spells.
Your spell library was empty.

Dungeon Overview and Level Annotations

Branches:
Dungeon (4/15)
 Temple: D:4-7

Altars:


Innate Abilities, Weirdness & Mutations

Your natural rate of healing is accelerated.
You have razor-sharp teeth.
You have supernaturally acute eyesight. (SInv)
You are afflicted with vampirism and can become a bat while bloodless.


Message History

The bullfrog hits you.
You slash the bullfrog!
The bullfrog is heavily wounded.
The bullfrog hits you but does no damage.
The bullfrog hits you.
You closely miss the bullfrog.
The bullfrog is heavily wounded.
The bullfrog hits you. You block the bullfrog's attack.
You closely miss the bullfrog.
The bullfrog is heavily wounded.
You hit the sleepcap.
The bullfrog hits you but does no damage.
You block the sleepcap's attack. The bullfrog hits you.
The sleepcap releases spores at you!
* * * LOW HITPOINT WARNING * * *
You barely miss the bullfrog. You bite the bullfrog!
The bullfrog is almost dead.
You hit the endoplasm. You hit the sleepcap but do no damage.
The bullfrog closely misses you. x2
The endoplasm freezes you.
You are frozen.
* * * LOW HITPOINT WARNING * * *
You block the sleepcap's attack.
You hit the bullfrog.
You kill the bullfrog!
You hit the endoplasm.
You kill the endoplasm!
You hit the sleepcap. The sleepcap barely misses you.
Your Axes skill increases to level 3!
You have reached level 4!
There is a stone staircase leading up here.
Okay, then.
You feel very mighty all of a sudden. The sleepcap releases spores at you.
* * * LOW HITPOINT WARNING * * *
You are engulfed in a cloud of soporific spores!
You fall asleep.
The sleepcap releases spores at you but does no damage.
The sleepcap releases spores at you!
You die...

... ## #.#
## .##..
#.##. .....
.....
......
#.#.#
#...###.#.#
#.....#.#
#..f@.#
#.†#.#..#
#........#
#..#.##.##
....#.# ..#
.[..##.#
#... ...#.
.). ####
##### ..#


You could see a sleepcap.

Vanquished Creatures
  A bullfrog (D:4)
  2 adders (D:2)
  5 endoplasms
  2 giant cockroaches
  2 goblins
  3 hobgoblins
  A kobold (D:3)
  2 quokkas
  2 frilled lizards
  2 rats
22 creatures vanquished.

Notes
Turn   | Place    | Note
-------+----------+-------------------------------------------
     0 | D:1      | AstroCodex24 the Vampire Fighter began the quest for the
                  | Orb.
     0 | D:1      | Reached XP level 1. HP: 17/17 MP: 1/1
   149 | D:1      | Reached XP level 2. HP: 23/23 MP: 2/2
   395 | D:2      | Gained mutation: You are afflicted with vampirism and can
                  | become a bat while bloodless. [Vampire growth]
   395 | D:2      | Reached XP level 3. HP: 21/29 MP: 3/3
   493 | D:4      | Noticed a bullfrog
   503 | D:4      | Killed a bullfrog
   504 | D:4      | Reached XP level 4. HP: 7/35 MP: 4/4
   508 | D:4      | Slain by a sleepcap

Illustrated notes

Levels and vault maps discovered:
D:1:      shiori_arrival_elements, layout_basic, serial_shops,
          nicolae_shop_overgrown_old_shop
D:2:      layout_basic, minmay_mini_jars
D:3:      layout_rooms
D:4:      layout_rooms, mainiacjoe_overflow_concentric_impassable,
          minmay_temple_entry_drinking_statues, gammafunk_ghost_nasty_kobolds,
          lightli_sewer_entry_pipes, uniq_crazy_yiuf_cottage

Skill      XL: |  1  2  3 |
---------------+----------+-----
Axes           | 2 3 |  3.1
Fighting       | 3 |  3.1
Shields        | 3 |  3.1
Armour         | |  2.8
Dodging        | |  0.7
Stealth        | |  0.3

Action                     |  1- 3 |  4- 6 || total
---------------------------+-------+-------++-------
  Melee: War axe           |    65 |       ||    65
         Bite              |     2 |       ||     2
    Use: Potion            |       |     1 ||     1
 Armour: Scale mail        |    59 |     3 ||    62
  Dodge: Dodged            |    35 |       ||    35
  Block: Buckler           |    21 |       ||    21

Table legend: (Time is in decaauts)
 A = Elapsed time spent in this place.
 B = Non-inter-level travel time spent in this place.
 C = Inter-level travel time spent in this place.
 D = Time resting spent in this place.
 E = Time spent auto-exploring this place.
 F = Levels seen in this place.
 G = Mean time per level.
                   A        B        C        D        E       F      G
               +--------+--------+--------+--------+--------+-----+--------+
         Total |    535 |    522 |     13 |      0 |      0 |   4 |  133.8 |
       Dungeon |    535 |    522 |     13 |      0 |      0 |   4 |  133.8 |
               +--------+--------+--------+--------+--------+-----+--------+

Top non-repeatable levels by time:
     D:2: 286 daAuts
     D:1: 172 daAuts
     D:3: 58 daAuts
     D:4: 18 daAuts
